 Dungeon Crawl Stone Soup version 0.29-a0-973-gac7da5f7f0 (webtiles) character file.

Game seed: 7733404771293881162

275 wingedge the Digger (level 6, -2/61 HPs)
             Began as an Ogre Earth Elementalist on July 31, 2022.
             Was a Follower of Sif Muna.
             Slain by an adder (4 damage)
             ... on level 4 of the Dungeon.
             The game lasted 00:14:57 (4297 turns).

wingedge the Digger (Ogre Earth Elementalist)       Turns: 4297, Time: 00:14:58

Health: -2/61      AC:  3    Str: 13    XL:     6   Next: 25%
Magic:  0/10       EV: 10    Int: 24    God:    Sif Muna [*.....]
Gold:   165        SH:  0    Dex:  9    Spells: 2/11 levels left

rFire   . . .      SeeInvis .   d - +1 dagger (venom)
rCold   . . .      Faith    .   (no shield)
rNeg    . . .      Spirit   +   a - +0 robe
rPois   .          Reflect  .   (helmet restricted)
rElec   .          Harm     .   (no cloak)
rCorr   .          Rampage  .   (gloves unavailable)
Will    .....                   (boots unavailable)
Stlth   +.........              A - amulet of guardian spirit
HPRegen 0.20/turn               l - ring of wizardry
MPRegen 0.12/turn               y - +6 ring of intelligence

@: mighty, lethally poisoned (-2 -> -14)
A: large, unfitting armour, tough skin 1
a: Renounce Religion, Channel Magic


You were on level 4 of the Dungeon.
You worshipped Sif Muna.
Sif Muna was aware of your devotion.
You visited 1 branch of the dungeon, and saw 5 of its levels.

You collected 165 gold pieces.

Inventory:

Hand Weapons
 b - a +0 war axe
 d - a +1 dagger of venom (weapon)
 h - a +2 whip of holy wrath
 k - a +0 dagger
 x - a +0 spear
Missiles
 c - 5 javelins
Armour
 a - a +0 robe (worn)
Magical Staves
 s - a staff of death
Jewellery
 f - a ring of fire
 l - a ring of wizardry (left hand)
 t - the ring "Idasmigieh" {rF+ rC- Dex+3 SInv}
   (You found it on level 3 of the Dungeon)

   [ring of see invisible]

   Dex:       It affects your dexterity (+3).
   rF:        It protects you from fire.
   rC:        It makes you vulnerable to cold.
   SInv:      It lets you see invisible.
 y - a +6 ring of intelligence (right hand)
 A - an amulet of guardian spirit (around neck)
Scrolls
 g - a scroll of teleportation {unknown}
 i - a scroll of vulnerability {unknown}
 j - 2 scrolls of enchant weapon
 m - a scroll of poison {unknown}
 r - 2 scrolls of amnesia
 w - a scroll of enchant armour {unknown}
 z - a scroll of magic mapping {unknown}
Potions
 e - a potion of mutation
 n - a potion of cancellation
 p - a potion of flight {unknown}
 q - a potion of curing {unknown}
 u - a potion of brilliance {unknown}
 v - a potion of invisibility {unknown}


   Skills:
 + Level 3.5 Fighting
 - Level 2.0 Dodging
 - Level 1.4 Stealth
 * Level 3.2 Spellcasting
 + Level 2.7 Conjurations
 + Level 1.4 Transmutations
 * Level 3.9 Earth Magic
 + Level 0.2 Invocations


You had 2 spell levels left.
You knew the following spells:

 Your Spells              Type           Power      Damage    Failure   Level
a - Sandblast             Erth           44%        2d11      1%          1
b - Stone Arrow           Conj/Erth      40%        3d9       3%          3
c - Apportation           Tloc           6%         N/A       4%          1
d - Petrify               Tmut/Erth      16%        N/A       14%         4

Your spell library contained the following spells:

 Spells                   Type           Power      Damage    Failure   Level
 Passwall                 Tmut/Erth      13%        N/A       2%          2
 Necrotise                Necr           12%        1d4       4%          1
 Summon Small Mammal      Summ           12%        N/A       4%          1


Dungeon Overview and Level Annotations

Branches:
Dungeon (5/15)
 Temple: D:4-7

Altars:
Sif Muna


Innate Abilities, Weirdness & Mutations

You are too large for most types of armour.
You have tough skin. (AC +1)


Message History

The orc wizard is heavily wounded.
You feel very sick.
The orc wizard hits you with a +1 dagger of venom.
You are more poisoned.
Casting: Stone Arrow (dangerous; 3% risk of failure)
Confirm with . or Enter, or press ? or * to list all spells.
Aiming: Stone Arrow (dangerous; 3% risk of failure)
Press: ? - help, Shift-Dir - straight line, f/p - orc wizard
Aim: an orc wizard, wielding a +1 dagger of venom and wearing a +0 robe (heavily wounded, 60% to hit)
The stone arrow hits the orc wizard!
You kill the orc wizard!
Sif Muna accepts your kill.
You feel very sick.
Casting: Stone Arrow (dangerous; 3% risk of failure)
Confirm with . or Enter, or press ? or * to list all spells.
Aiming: Stone Arrow (dangerous; 3% risk of failure)
Press: ? - help, Shift-Dir - straight line, f - adder
Aim: an adder (53% to hit)
The stone arrow misses the adder.
You feel very sick. The adder bites you.
* * * LOW HITPOINT WARNING * * *
You are lethally poisoned!
The adder poisons you! The adder bites you but does no damage.
Drinking this now will have no effect.
It was a potion of might.
You feel very mighty all of a sudden.
* * * LOW HITPOINT WARNING * * *
You feel very sick. The adder barely misses you.
You barely miss the adder.
* * * LOW HITPOINT WARNING * * *
You feel very sick. The adder bites you.
* * * LOW HITPOINT WARNING * * *
You miss the adder.
* * * LOW HITPOINT WARNING * * *
You feel very sick. The adder bites you.
You die...

.###. .###.(.###...###...##.#
#.#.... #.###.#.....#.###.#.# ..#
..#. #...#...#.. #...## ..##### .
#...##### ..#...# ..#...#..
#...#...#...#...## #.# ....
.###.#.....# ###.#.#
.###...###...###.S.## ...##.#####
..#.###.#.....#S###.#.....#......
.#...#...#...#..@#...#...#....)..
##...#...#####...#...#####.......
.#...#...#...#...#...#...#.......
..#.###.#.....#.###.#o....#......
.###...###...###...###...########
##.......#####...[....###.#
..<......# ###..........#
.........# ###.........#
###......# #........##


You could see an adder.

Vanquished Creatures
  A hound (D:4)
  Jessica (D:2)
  An iguana (D:5)
  An orc wizard (D:4)
  3 gnolls (D:3)
  5 adders
  2 shadow imps (D:5)
  A worm (D:2)
  A dart slug (D:3)
  2 orcs (D:4)
  5 bats
  4 endoplasms
  4 giant cockroaches (D:1)
  6 goblins
  4 hobgoblins
  4 quokkas
  7 ball pythons
  11 frilled lizards
  9 kobolds
  4 rats
  A spectral goblin (D:3)
77 creatures vanquished.

Notes
Turn   | Place    | Note
-------+----------+-------------------------------------------
     0 | D:1      | wingedge the Ogre Earth Elementalist began the quest for
                  | the Orb.
     0 | D:1      | Reached XP level 1. HP: 16/16 MP: 3/3
   267 | D:1      | Reached skill level 1 in Fighting
   267 | D:1      | Reached XP level 2. HP: 27/27 MP: 1/5
   864 | D:2      | Reached skill level 1 in Conjurations
   864 | D:2      | Reached XP level 3. HP: 35/35 MP: 3/6
   903 | D:2      | Learned a level 3 spell: Stone Arrow
   991 | D:2      | Noticed Jessica
   997 | D:2      | Killed Jessica
   998 | D:2      | Reached XP level 4. HP: 44/44 MP: 0/7
  1997 | D:3      | Identified the ring "Idasmigieh" {rF+ rC- Dex+3 SInv}
  2152 | D:3      | Found a faded altar of an unknown god.
  2330 | D:3      | Found a shimmering blue altar of Sif Muna.
  2334 | D:3      | Reached XP level 5. HP: 47/52 MP: 5/8
  2396 | D:3      | Reached skill level 1 in Transmutations
  2610 | D:3      | Became a worshipper of Sif Muna the Loreminder
  2908 | D:3      | You fall into a shaft and drop 2 floors!
  2908 | D:5      | Entered Level 5 of the Dungeon
  2937 | D:5      | Noticed a centaur
  3420 | D:3      | Learned a level 1 spell: Apportation
  3425 | D:3      | Learned a level 4 spell: Petrify
  3822 | D:4      | Reached XP level 6. HP: 48/61 MP: 3/10
  4017 | D:4      | Reached * piety under Sif Muna
  4297 | D:4      | HP: 2/61 [poisoned by an adder]
  4297 | D:4      | Slain by an adder

Illustrated notes

Levels and vault maps discovered:
D:1:      enne_arrival_octagon_isle, layout_basic
D:2:      layout_basic, minmay_misc_feat_square, uniq_jessica
D:3:      layout_loops_corners, nicolae_sif_muna_condensation,
          dreamdust_ecumenical_altar_drowned_temple, minmay_crystal_room,
          st_stairs_1, chequers_mini_garden, hangedman_glass_teeth
D:4:      nicolae_cairo_tiling, layout_rooms, minmay_temple_entry_hall
D:5:      layout_cave_pools, abandoned_shop

Skill      XL: |  1  2  3  4  5 |
---------------+----------------+-----
Dodging        | 2 |  2.0
Fighting       | 1 2 3 |  3.5
Earth Magic    | 3 |  3.9
Conjurations   | 1 2 |  2.7
Transmutations | 1 |  1.4
Spellcasting   | 3 |  3.2
Stealth        | |  1.4
Invocations    | |  0.2

Action                   |  1- 3 |  4- 6 || total
-------------------------+-------+-------++-------
Melee: Club              |    10 |       ||    10
       Dagger            |     3 |    12 ||    15
       Spear             |       |    19 ||    19
 Cast: Sandblast         |    33 |    53 ||    86
       Stone Arrow       |     2 |    27 ||    29
       Apportation       |       |     1 ||     1
  Use: Scroll            |       |     7 ||     7
       Potion            |       |     4 ||     4
 Stab: Sleeping          |       |     1 ||     1
Armor: Robe              |    14 |    21 ||    35
Dodge: Dodged            |    13 |    36 ||    49

Table legend: (Time is in decaauts)
 A = Elapsed time spent in this place.
 B = Non-inter-level travel time spent in this place.
 C = Inter-level travel time spent in this place.
 D = Time resting spent in this place.
 E = Time spent auto-exploring this place.
 F = Levels seen in this place.
 G = Mean time per level.
                   A        B        C        D        E       F      G
               +--------+--------+--------+--------+--------+-----+--------+
         Total |   4377 |   4303 |     74 |   1346 |   2150 |   5 |  875.4 |
       Dungeon |   4377 |   4303 |     74 |   1346 |   2150 |   5 |  875.4 |
               +--------+--------+--------+--------+--------+-----+--------+

Top non-repeatable levels by time:
     D:3: 1585 daAuts
     D:2: 1208 daAuts
     D:1: 822 daAuts
     D:4: 635 daAuts
     D:5: 125 daAuts
